 Dungeon Crawl Stone Soup version 0.29-a0-219-g0a02b1cf4f (webtiles) character file.

Game seed: 14746355963914329033

1214 mopl the Sneak (level 8, 0/54 HPs)
             Began as an Octopode Brigand on Feb 25, 2022.
             Was an Initiate of Dithmenos.
             Slain by a gnoll
             ... wielding a +0 spear of venom
              (7 damage)
             ... on level 5 of the Dungeon.
             The game lasted 00:06:41 (4726 turns).

mopl the Sneak (Octopode Brigand)                   Turns: 4726, Time: 00:06:41

Health: 0/54       AC:  1    Str: 10    XL:     8   Next: 46%
Magic:  1/9        EV: 14    Int: 14    God:    Dithmenos [......]
Gold:   301        SH:  4    Dex: 15    Spells: 4/7 levels left

rFire   . . .      SeeInvis .   a - +1 dagger (drain)
rCold   . . .      Faith    .   y - +0 buckler
rNeg    . . .      Spirit   .   (helmet restricted)
rPois   .          Reflect  .   r - amulet of the acrobat
rElec   .          Harm     .   (no ring)
rCorr   .          Rampage  .   (no ring)
Will    .....                   (no ring)
Stlth   +++++.....              (no ring)
HPRegen 0.18/turn               (no ring)
MPRegen 0.11/turn               (no ring)
                                (no ring)
                                (no ring)

@: lethally poisoned (0 -> -2), about to teleport
A: almost no armour, amphibious, 8 rings, camouflage 1, gelatinous body 1,
(nimble swimmer 1), tentacles
a: Renounce Religion


You were on level 5 of the Dungeon.
You worshipped Dithmenos.
Dithmenos was noncommittal.
You visited 2 branches of the dungeon, and saw 6 of its levels.

You collected 301 gold pieces.

Inventory:

Hand Weapons
 a - a +1 dagger of draining (weapon)
Missiles
 b - 10 poisoned darts (quivered)
 c - 2 curare-tipped darts
 d - 2 throwing nets
 t - a boomerang
Armour
 y - a +0 buckler (worn)
Jewellery
 f - an amulet of magic regeneration
 m - a ring of fire
 r - an amulet of the acrobat (around mantle)
Wands
 z - a wand of flame (25)
Scrolls
 e - 2 scrolls of teleportation
 i - 2 scrolls of acquirement {unknown}
 k - 3 scrolls of vulnerability {unknown}
 l - 2 scrolls of noise {unknown}
 n - a scroll of magic mapping {unknown}
 o - 3 scrolls of fog
 p - 2 scrolls of enchant weapon {unknown}
 q - a scroll of enchant armour {unknown}
Potions
 g - a potion of ambrosia
 h - a potion of berserk rage {!q}
 j - a potion of heal wounds
 s - a potion of lignification {!q}
 u - 2 potions of resistance
 v - 2 potions of magic
 w - a potion of curing {unknown}
 x - a potion of might {unknown}


   Skills:
 + Level 4.3 Fighting
 - Level 2.0(3.1) Short Blades
 + Level 3.7(4.0) Long Blades
 + Level 4.2 Throwing
 + Level 4.0 Dodging
 + Level 7.7 Stealth
 + Level 1.6 Shields
 + Level 2.9 Hexes
 + Level 1.9 Invocations


You had 4 spell levels left.
You knew the following spells:

 Your Spells              Type           Power      Damage    Failure   Level
d - Tukima's Dance        Hex            8%         N/A       34%         3

Your spell library contained the following spells:

 Spells                   Type           Power      Damage    Failure   Level
 Magic Dart               Conj           0%         1d3       36%         1
 Call Imp                 Summ           0%         N/A       50%         2
 Mephitic Cloud           Conj/Pois/Air  0%         N/A       75%         3
 Passage of Golubria      Tloc           0%         N/A       98%         4
 Yara's Violent Unravell  Hex/Tmut       2%         3d3       99%         5


Dungeon Overview and Level Annotations

Branches:
Dungeon (5/15)             Temple (1/1) D:5

Altars:
Ashenzari
Dithmenos
Elyvilon
Fedhas
Gozag
Hepliaklqana
Kikubaaqudgha
Okawaru
Qazlal
Ru
Sif Muna
Uskayaw
Vehumet
The Shining One


Innate Abilities, Weirdness & Mutations

You cannot wear most types of armour.
You are amphibious.
You can wear up to eight rings at the same time.
Your skin changes colour to match your surroundings (Stealth+).
Your rubbery body absorbs attacks. (AC +1, EV +1)
((You are camouflaged when in or above water. (Stealth+)))
You have tentacles for arms and can constrict up to eight enemies at once.


Message History

Unknown command.
Unknown command.
Casting: Tukima's Dance (dangerous; 34% risk of failure)
Confirm with . or Enter, or press ? or * to list all spells.
Aiming: Tukima's Dance (dangerous; 34% risk of failure)
Press: ? - help, Shift-Dir - straight line, f/p - gnoll
Aim: a gnoll, wielding a +0 spear of venom (fast, chance to affect: 50%)
The gnoll resists with some effort.
You feel very sick.
The gnoll hits you from afar with a +0 spear of venom.
You are lethally poisoned!
The gnoll hits you from afar with a +0 spear of venom.
* * * LOW HITPOINT WARNING * * *
You are more poisoned.
Unknown command.
Unknown command.
* * * LOW HITPOINT WARNING * * *
You feel extremely sick.
You feel much better.
You feel very sick. The gnoll shaman completely misses you.
The gnoll completely misses you. The gnoll barely misses you.
You feel very sick.
You feel very sick. The gnoll completely misses you.
You feel very sick.
You feel very sick.
You are no longer glowing.
You feel sick.
You feel sick.
You feel sick.
Okay, then.
Unknown command.
As you read the scroll labelled DYKE UMIDUAM, it crumbles to dust.
The scroll dissolves into smoke.
It was a scroll of fog.
You feel sick.
You feel sick. The gnoll shaman completely misses you.
As you read the scroll labelled WIEDORRATTI, it crumbles to dust.
You feel strangely unstable.
It was a scroll of teleportation.
You feel sick.
The gnoll hits you from afar with a +0 spear of venom!
You die...

.#####.##............#.#
..........n............#
####.#.......ng..).#...#
###.......######.###...#
..........# #.# ...#
###....#n.######.# ..#
##.......g.gg....# ..#
#........####§######...
#).....### #.§gg@§§....
#)#...## ##§######...
)....## ### ..#### ###


You could see a gnoll shaman and a gnoll (fast).

Vanquished Creatures
  3 black bears
  4 ogres
  A kobold brigand (D:4)
  A bullfrog (D:4)
  A scorpion (D:5)
  A hound (D:4)
  A jelly (D:5)
  2 orc priests (D:5)
  3 iguanas
  Natasha (thrice) (D:2 D:1)
  3 gnolls
  3 adders
  A dart slug (D:2)
  6 orcs
  6 ball pythons
  5 endoplasms
  4 giant cockroaches
  8 goblins
  5 hobgoblins
  3 jackals (D:3)
  11 kobolds
  2 quokkas
  4 bats
  4 frilled lizards
  6 rats
91 creatures vanquished.

Vanquished Creatures (others)
  A plant (D:4)
1 creature vanquished.

Grand Total: 92 creatures vanquished

Notes
Turn   | Place    | Note
-------+----------+-------------------------------------------
     0 | D:1      | mopl the Octopode Brigand began the quest for the Orb.
     0 | D:1      | Reached XP level 1. HP: 14/14 MP: 1/1
   335 | D:1      | Reached XP level 2. HP: 11/19 MP: 2/2
  1204 | D:2      | Reached XP level 3. HP: 21/24 MP: 3/3
  1236 | D:2      | Reached skill level 1 in Long Blades
  1255 | D:2      | Noticed Natasha
  1262 | D:2      | Killed Natasha
  1483 | D:2      | Reached XP level 4. HP: 27/30 MP: 4/4
  1487 | D:2      | Noticed Natasha
  1500 | D:1      | Killed Natasha
  1501 | D:1      | Reached skill level 2 in Dodging
  1687 | D:1      | Noticed Natasha
  1695 | D:1      | Killed Natasha
  1696 | D:1      | Reached skill level 6 in Stealth
  2001 | D:2      | Reached XP level 5. HP: 36/36 MP: 5/5
  2298 | D:2      | Reached skill level 3 in Fighting
  2779 | D:3      | Reached skill level 3 in Throwing
  2825 | D:3      | Found a stormy altar of Qazlal.
  2895 | D:3      | Reached skill level 2 in Long Blades
  3157 | D:3      | Learned a level 3 spell: Tukima's Dance
  3293 | D:4      | Noticed a black bear
  3305 | D:4      | Killed a black bear
  3306 | D:4      | Reached XP level 6. HP: 22/42 MP: 6/6
  3510 | D:4      | Reached skill level 1 in Hexes
  3573 | D:4      | Reached skill level 3 in Dodging
  3765 | D:4      | Reached XP level 7. HP: 46/46 MP: 7/7
  4089 | D:5      | Entered Level 5 of the Dungeon
  4106 | D:5      | Reached skill level 3 in Long Blades
  4106 | D:5      | Reached skill level 2 in Hexes
  4152 | D:5      | Reached skill level 7 in Stealth
  4165 | D:5      | Found a staircase to the Ecumenical Temple.
  4184 | Temple   | Entered the Ecumenical Temple
  4324 | Temple   | Became a worshipper of Dithmenos the Shadowed
  4434 | D:4      | Reached skill level 4 in Fighting
  4455 | D:5      | Reached skill level 4 in Throwing
  4455 | D:5      | Reached skill level 1 in Invocations
  4455 | D:5      | Reached XP level 8. HP: 44/54 MP: 8/8
  4502 | D:5      | Reached skill level 1 in Shields
  4660 | D:5      | Reached skill level 4 in Dodging
  4726 | D:5      | Slain by a gnoll

Illustrated notes

Levels and vault maps discovered:
D:1:      psy_arrival_dodecagon, layout_basic
D:2:      layout_rooms, hangedman_decor_points, uniq_natasha
D:3:      layout_basic, nicolae_qazlal_scattered_showers
D:4:      layout_loops_ring, lexackson_kobold_supper
D:5:      layout_loops_ring, minmay_temple_entry_grid, lemuel_flame_loot_1
Temple:   roderic_octagonal_lattice_temple

Skill      XL: |  1  2  3  4  5  6  7  8 |
---------------+-------------------------+-----
Long Blades    | 1 2 3 |  3.7
Dodging        | 2 3 4 |  4.0
Stealth        | 6 7 |  7.7
Fighting       | 3 4 |  4.3
Throwing       | 3 4 |  4.2
Hexes          | 1 2 |  2.9
Invocations    | 1 |  1.9
Shields        | 1 |  1.6
Short Blades   | |  2.0

Action                   |  1- 3 |  4- 6 |  7- 9 || total
-------------------------+-------+-------+-------++-------
Melee: Dagger            |    48 |    93 |    79 ||   220
       Constrict         |     7 |    16 |     9 ||    32
       Tentacles         |     6 |    13 |    14 ||    33
       Punch             |       |     1 |       ||     1
Throw: Dart              |       |       |     2 ||     2
 Cast: Tukima's Dance    |       |       |     3 ||     3
  Use: Scroll            |       |     7 |     3 ||    10
       Potion            |       |       |     1 ||     1
 Stab: Sleeping          |    11 |    12 |     6 ||    29
       Distracted        |       |     1 |       ||     1
Armor: Skin              |     5 |     3 |     3 ||    11
Dodge: Dodged            |    17 |    50 |    57 ||   124
Block: Buckler           |       |       |     3 ||     3

Table legend: (Time is in decaauts)
 A = Elapsed time spent in this place.
 B = Non-inter-level travel time spent in this place.
 C = Inter-level travel time spent in this place.
 D = Time resting spent in this place.
 E = Time spent auto-exploring this place.
 F = Levels seen in this place.
 G = Mean time per level.
                   A        B        C        D        E       F      G
               +--------+--------+--------+--------+--------+-----+--------+
         Total |   4719 |   4449 |    270 |   1435 |   2294 |   6 |  786.5 |
       Dungeon |   4557 |   4308 |    249 |   1435 |   2174 |   5 |  911.4 |
        Temple |    161 |    140 |     21 |      0 |    120 |   1 |  161.0 |
               +--------+--------+--------+--------+--------+-----+--------+

Top non-repeatable levels by time:
     D:1: 1902 daAuts
     D:4: 900 daAuts
     D:3: 690 daAuts
     D:2: 612 daAuts
     D:5: 451 daAuts
  Temple: 161 daAuts
